 Dungeon Crawl Stone Soup version 0.28-a0-983-g1de4e0787c (webtiles) character file.

Game seed: 4814654990174806801

20979 vurker the Eclecticist (level 12, -1/61 HPs)
             Began as a Felid Air Elementalist on Dec 2, 2021.
             Was a High Priest of Vehumet.
             Slain by a two-headed ogre (16 damage)
             ... on level 12 of the Dungeon.
             The game lasted 00:34:17 (36612 turns).

vurker the Eclecticist (Felid Air Elementalist)    Turns: 36612, Time: 00:34:17

Health: -1/61      AC:  3    Str:  4    XL:     12   Next: 50%
Magic:  2/32       EV: 28    Int: 26    God:    Vehumet [*****.]
Gold:   1337       SH:  0    Dex: 18    Spells: 37/42 levels left
                                        Lives:  0   Deaths: 2

rFire   . . .      SeeInvis +   (weapon unavailable)
rCold   + . .      Faith    .   (shield unavailable)
rNeg    . . .      Spirit   .   (armour unavailable)
rPois   .          Reflect  .   (helmet unavailable)
rElec   .          Harm     .   (cloak unavailable)
rCorr   .          Rampage  .   (gloves unavailable)
Will    +....                   (boots unavailable)
Stlth   +++++.....              v - amulet of regeneration
HPRegen 1.00/turn               b - +4 ring of evasion
MPRegen 0.23/turn               s - +6 ring of intelligence

@: quick
A: very small, claws 1, fangs 3, see invisible, speed 1, shaggy fur 3, stealthy
paws, no weapons or thrown items, no armour, multi-lived
a: Renounce Religion


You were on level 12 of the Dungeon.
You worshipped Vehumet.
Vehumet was extremely pleased with you.
You visited 4 branches of the dungeon, and saw 20 of its levels.

You collected 1447 gold pieces.
You spent 110 gold pieces at shops.

Inventory:

Jewellery
 b - a +4 ring of evasion (left paw)
   (You found it on level 1 of the Dungeon)
 k - a ring of resist corrosion
   (You found it on level 3 of the Dungeon)
 q - a +4 ring of evasion
   (You found it on level 6 of the Lair of Beasts)
 s - a +6 ring of intelligence (right paw)
   (You found it on level 1 of the Lair of Beasts)
 v - an amulet of regeneration (around neck)
   (You found it on level 6 of the Lair of Beasts)
Wands
 c - a wand of charming (9)
   (You found it on level 5 of the Dungeon)
 d - a wand of iceblast (10)
   (You found it on level 9 of the Dungeon)
 o - a wand of mindburst (12)
   (You found it on level 4 of the Dungeon)
 t - a wand of flame (35)
   (You found it on level 4 of the Dungeon)
Scrolls
 e - 8 scrolls of teleportation
 f - 3 scrolls of blinking
 i - 2 scrolls of fear
 p - 3 scrolls of amnesia
 r - 3 scrolls of magic mapping
 u - 2 scrolls of identify
 w - a scroll of summoning {unknown}
Potions
 a - 5 potions of mutation
 g - 2 potions of lignification
 h - a potion of ambrosia
 j - 2 potions of brilliance
 l - a potion of flight
 m - a potion of cancellation
 n - 8 potions of curing


   Skills:
 + Level 12.2 Fighting
 - Level 10.0 Dodging
 - Level 10.0 Stealth
 * Level 15.8 Spellcasting
 - Level 3.0 Conjurations
 - Level 10.0 Air Magic


You had 37 spell levels left.
You knew the following spells:

 Your Spells              Type           Power      Damage    Failure   Level
a - Shock                 Conj/Air       100%       1d9       1%          1
c - Airstrike             Air            32%        N/A       1%          4

Your spell library contained the following spells:

 Spells                   Type           Power      Damage    Failure   Level
 Iskenderun's Battlesphe  Conj           36%        2d9       5%          5
 Foxfire                  Conj/Fire      100%       2x1d9     1%          1
 Static Discharge         Conj/Air       53%        N/A       1%          2
 Conjure Flame            Conj/Fire      28%        6-21      1%          3
 Swiftness                Air            64%        N/A       1%          3
 Animate Skeleton         Necr           40%        N/A       2%          1
 Apportation              Tloc           40%        N/A       2%          1
 Slow                     Hex            80%        N/A       2%          1
 Summon Small Mammal      Summ           80%        N/A       2%          1
 Inner Flame              Hex/Fire       20%        N/A       2%          3
 Flame Wave               Conj/Fire      28%        2d6       4%          4
 Call Canine Familiar     Summ           20%        N/A       8%          3
 Confusing Touch          Hex            20%        N/A       8%          3
 Summon Guardian Golem    Hex/Summ       20%        N/A       8%          3
 Tukima's Dance           Hex            20%        N/A       8%          3
 Lee's Rapid Deconstruct  Erth           10%        3d9*      17%         5
 Yara's Violent Unravell  Hex/Tmut       10%        3d6       17%         5
 Leda's Liquefaction      Hex/Erth       10%        N/A       26%         4
 Passage of Golubria      Tloc           20%        N/A       26%         4
 Statue Form              Tmut/Erth      13%        N/A       98%         6


Dungeon Overview and Level Annotations

Branches:
Dungeon (12/15)            Temple (1/1) D:5            Lair (6/6) D:11
 Shoals (0/4) Lair:4       Spider (0/4) Lair:3        Slime (0/5) Lair:6
    Orc (1/2) D:12

Altars:
Dithmenos
Gozag
Kikubaaqudgha
Makhleb
Okawaru
Qazlal
Uskayaw
Vehumet
Wu Jian
Xom
Yredelemnul
Zin
The Shining One

Shops:
D:2 ?   D:7 *   D:12 :   Orc:1 ?

Annotations:
D:10 2 runed translucent doors
Lair:1 3 runed translucent doors, Okleor's ghost, journeyman TrFi
Lair:4 3 runed translucent doors, Puifavom's ghost, journeyman GrFi


Innate Abilities, Weirdness & Mutations

You have sharp claws.
You have razor-sharp teeth.
You have supernaturally acute eyesight. (SInv)
You cover ground quickly. (Speed+)
Your thick and shaggy fur keeps you warm. (AC +3, rC+)
Your paws help you pounce on unaware monsters.
You are incapable of wielding weapons or throwing items.
You cannot wear armour.
You gain extra lives every three experience levels.


Message History

The orc knight roars a battlecry!
The orcs go into a battle-frenzy!
There is a staircase back to the Dungeon here.
The orc completely misses you.
The two-headed ogre completely misses you.
The two-headed ogre hits you with a +2 dire flail of protection!!
The orc knight misses you.
The ogre shouts!
You climb upwards.
Welcome back to the Dungeon!
There is a staircase to the Orcish Mines here.
The two-headed ogre completely misses you.
The two-headed ogre closely misses you.
Things that are here:
a +0 plate armour; a +0 war axe The orc completely misses you.
Things that are here:
a +0 leather armour; a +0 dagger
Things that are here:
a +0 giant spiked club; a +0 dagger; a +0 flail
Things that are here:
a +0 giant club; a +0 chain mail; a +0 dire flail
Aim: a two-headed ogre, wielding a +0 giant club and a +2 dire flail of protection (empty space bonus: 6/8)
The air twists around and strikes the two-headed ogre.
Aim: a two-headed ogre, wielding a +0 giant club and a +2 dire flail of protection (lightly wounded, empty space bonus: 4/8)
The air twists around and strikes the two-headed ogre!
Aim: a two-headed ogre, wielding a +0 giant club and a +2 dire flail of protection (moderately wounded, empty space bonus: 2/8)
The air twists around and strikes the two-headed ogre.
Aim: a two-headed ogre, wielding a +0 giant club and a +2 dire flail of protection (heavily wounded, empty space bonus: 1/8)
The air twists around and strikes the two-headed ogre!
Aim: a two-headed ogre, wielding a +0 giant club and a +2 dire flail of protection (heavily wounded, empty space bonus: 0/8)
The air twists around and strikes the two-headed ogre.
The orc no longer looks unusually strong.
The two-headed ogre closely misses you. The two-headed ogre barely misses you.
Aim: a two-headed ogre, wielding a +0 giant club and a +2 dire flail of protection (severely wounded, empty space bonus: 0/8)
The air twists around and strikes the two-headed ogre.
The two-headed ogre misses you. x2
Aim: a two-headed ogre, wielding a +0 giant club and a +2 dire flail of protection (severely wounded, empty space bonus: 0/8)
The air twists around and strikes the two-headed ogre.
The two-headed ogre hits you with a +0 giant club!!
* * * LOW HITPOINT WARNING * * *
The two-headed ogre hits you with a +2 dire flail of protection!
* * * LOW HITPOINT WARNING * * *
Aim: a two-headed ogre, wielding a +0 giant club and a +2 dire flail of protection (severely wounded, empty space bonus: 0/8)
The air twists around and strikes the two-headed ogre!
You don't have enough magic to cast this spell.
Aim: a two-headed ogre, wielding a +0 giant club and a +2 dire flail of protection (almost dead, chance to affect: 48%)
The two-headed ogre resists with some effort.
The two-headed ogre closely misses you.
The two-headed ogre hits you with a +2 dire flail of protection!
You die...

# ##...## ####'## #.) #
########.## #....## #.# #
#.........# #.##..#####.#
#####.........# #...........#
...##.........# #..........[#
....#.........# #....[....).#
....#.........# #.....>......
..............#######....[.......
...#..........'.@Oo..[...........
#####.......(.######.............
##'######## #######.######
#...####### #.# ###.......#
######'## #######'## #.......###
#.......# #.......'.## #.......#
#....[..#..# #########.......#
###.......##.##


You could see a two-headed ogre and an orc.

Vanquished Creatures
  Rupert (Lair:4)
  Nessos (Lair:6)
  Snorg (Lair:6)
  Fannar (Lair:1)
  8 hydras
  A boulder beetle (D:12)
  A catoblepas (Lair:2)
  A satyr (Lair:3)
  2 two-headed ogres
  8 death yaks
  A goliath frog (Lair:6)
  A deep elf pyromancer (D:9)
  4 cyclopes
  3 black mambas
  6 elephants
  Joseph (D:10)
  A torpor snail (Lair:4)
  20 cane toads
  4 rime drakes
  2 unseen horrors
  Maggie (Lair:1)
  2 kobold demonologists
  8 komodo dragons
  A polar bear (Lair:1)
  A hornet (D:9)
  4 trolls
  3 tyrant leeches (Lair:6)
  20 blink frogs
  2 slime creatures (D:12)
  A snapping turtle (Lair:4)
  4 dream sheep (Lair:5)
  3 redbacks (Lair:3)
  2 shadows
  5 wyverns
  3 fire bats
  22 yaks
  6 basilisks
  5 vampire mosquitoes
  A warg (D:12)
  An acid dragon (D:10)
  12 water moccasins
  10 orc warriors
  An ice beast (D:5)
  A black bear (D:5)
  A sky beast (D:8)
  A necrophage (D:7)
  20 wolves
  3 ogres
  A centaur (D:6)
  2 phantoms
  Blork the orc (D:5)
  7 kobold brigands
  A scorpion (D:5)
  15 bullfrogs
  4 wights (D:8)
  8 electric eels
  3 howler monkeys
  A lava snake (Lair:4)
  A bullfrog zombie (D:5)
  3 centaur zombies
  3 centaur skeletons
  8 orc priests
  4 hounds
  3 jellies (Lair:6)
  Jessica (D:2)
  A bullfrog skeleton (D:5)
  Terence (D:3)
  3 iguanas (D:5)
  18 orc wizards
  A killer bee zombie (D:9)
  A hound zombie (D:5)
  A hound skeleton (D:4)
  7 gnolls
  6 adders
  A white imp (D:6)
  An adder skeleton (D:4)
  A worm (D:3)
  2 dart slugs (D:2)
  37 orcs
  14 endoplasms
  3 giant cockroaches
  7 goblins
  5 hobgoblins
  6 jackals
  A quokka (D:2)
  7 ball pythons
  4 bats
  6 frilled lizards
  27 kobolds
  A quokka skeleton (D:4)
  5 rats
445 creatures vanquished.

Vanquished Creatures (others)
  46 fungi
  103 plants
149 creatures vanquished.

Grand Total: 594 creatures vanquished

Notes
Turn   | Place    | Note
-------+----------+-------------------------------------------
     0 | D:1      | vurker the Felid Air Elementalist began the quest for the
                  | Orb.
     0 | D:1      | Reached XP level 1. HP: 7/7 MP: 4/4
   181 | D:1      | Reached skill level 1 in Conjurations
   289 | D:1      | Reached XP level 2. HP: 12/12 MP: 0/6
   730 | D:1      | Found a faded altar of an unknown god.
  1426 | D:2      | Reached XP level 3. HP: 15/15 MP: 4/7
  1850 | D:2      | Noticed Jessica
  1867 | D:2      | Killed Jessica
  1868 | D:2      | Reached skill level 1 in Fighting
  1925 | D:2      | Reached XP level 4. HP: 19/19 MP: 6/9
  2281 | D:2      | Found Tinuengi's Magic Scroll Shoppe.
  2284 | D:2      | Bought a scroll of identify for 28 gold pieces
  2994 | D:3      | Reached skill level 3 in Spellcasting
  3426 | D:3      | Noticed Terence
  3485 | D:3      | Killed Terence
  3486 | D:3      | Reached XP level 5. HP: 7/22 MP: 4/10
  4197 | D:4      | Gained mutation: You are covered in thick fur. (AC +2)
                  | [Felid growth]
  4197 | D:4      | Reached XP level 6. HP: 26/26 MP: 7/12
  4692 | D:4      | Identified the +4 battleaxe of the Fray {venom, Int+2}
  5026 | D:5      | Entered Level 5 of the Dungeon
  5075 | D:5      | Reached skill level 4 in Spellcasting
  5206 | D:5      | Reached XP level 7. HP: 20/30 MP: 0/14
  5494 | D:5      | Found a staircase to the Ecumenical Temple.
  5520 | Temple   | Entered the Ecumenical Temple
  5539 | Temple   | Became a worshipper of Vehumet
  5773 | D:5      | Reached skill level 5 in Air Magic
  5778 | D:5      | Learned a level 4 spell: Airstrike
  5948 | D:5      | Noticed Blork the orc
  5961 | D:5      | Killed Blork the orc
  5975 | D:5      | Reached skill level 5 in Spellcasting
  7029 | D:5      | Reached XP level 8. HP: 22/34 MP: 6/17
  7831 | D:6      | Found a glowing golden altar of the Shining One.
  8680 | D:7      | Found Jeseaq's General Store.
  8688 | D:7      | Bought a scroll of blinking for 82 gold pieces
  9008 | D:7      | Reached skill level 6 in Spellcasting
  9224 | D:7      | Identified the +3 spear of Doomed Guilt {venom, Dex+7}
  9389 | D:7      | Reached * piety under Vehumet
  9389 | D:7      | Offered knowledge of Freeze by Vehumet.
  9631 | D:8      | Noticed a two-headed ogre
  9636 | D:8      | Killed a two-headed ogre
  9637 | D:8      | Reached skill level 5 in Fighting
  9637 | D:8      | Reached skill level 7 in Spellcasting
  9637 | D:8      | Reached XP level 9. HP: 40/40 MP: 2/20
 11449 | D:8      | Reached skill level 8 in Spellcasting
 11601 | D:9      | Noticed a two-headed ogre
 11807 | D:9      | Offered knowledge of Poisonous Vapours by Vehumet.
 11957 | D:9      | Killed a two-headed ogre
 11958 | D:9      | Reached XP level 10. HP: 45/45 MP: 7/23
 12059 | D:9      | Reached ** piety under Vehumet
 12238 | D:9      | Noticed a deep elf pyromancer
 12242 | D:9      | Killed a deep elf pyromancer
 12792 | D:10     | Entered Level 10 of the Dungeon
 12810 | D:10     | Reached skill level 9 in Spellcasting
 13202 | D:10     | Found a runed translucent door.
 13202 | D:10     | Noticed a cyclops
 13204 | D:10     | Found a runed translucent door.
 13204 | D:10     | Noticed a centaur warrior
 13204 | D:10     | Noticed a cyclops
 13204 | D:10     | Noticed a deep elf pyromancer
 13247 | D:10     | Identified the +2 scale mail "Kinoameu" {Int+3}
 13458 | D:10     | Noticed Joseph
 13463 | D:10     | Killed Joseph
 13773 | D:10     | Offered knowledge of Scorch by Vehumet.
 14120 | D:10     | Noticed a glowing orange brain
 14233 | D:10     | Noticed a moth of wrath
 14233 | D:10     | a snapping turtle changed into a moth of wrath
 14235 | D:10     | Noticed a glowing orange brain
 14235 | D:10     | a moth of wrath changed into a glowing orange brain
 14396 | D:10     | Noticed an ice dragon
 14744 | D:10     | Noticed a minotaur
 14770 | D:11     | Found a staircase to the Lair.
 14776 | D:11     | Noticed a cyclops
 14779 | D:11     | Killed a cyclops
 14780 | D:11     | Reached skill level 10 in Air Magic
 15029 | D:11     | Noticed a smoke demon
 15318 | D:11     | Reached skill level 10 in Spellcasting
 15318 | D:11     | Reached XP level 11. HP: 50/50 MP: 18/26
 15564 | D:11     | Reached *** piety under Vehumet
 16546 | D:12     | Found Pudwup's Book Emporium.
 16996 | Lair:1   | Entered Level 1 of the Lair of Beasts
 17122 | Lair:1   | Reached skill level 5 in Stealth
 17400 | Lair:1   | Noticed Fannar
 17412 | Lair:1   | HP: 1/51 [Fannar/bolt of cold (24)]
 17655 | Lair:1   | Killed Fannar
 17656 | Lair:1   | Reached skill level 5 in Dodging
 18257 | Lair:1   | Noticed a minotaur
 18257 | Lair:1   | Noticed Okleor's ghost (journeyman TrFi)
 18430 | Lair:1   | Noticed Maggie
 18435 | Lair:1   | Killed Maggie
 18436 | Lair:1   | Reached skill level 11 in Spellcasting
 18869 | Lair:1   | Found a runed translucent gate.
 18869 | Lair:1   | Found a runed translucent gate.
 18869 | Lair:1   | Found a runed translucent gate.
 19307 | Lair:1   | Offered knowledge of Mephitic Cloud by Vehumet.
 19735 | Lair:2   | Noticed a catoblepas
 21031 | Lair:2   | Gained mutation: Your thick and shaggy fur keeps you warm.
                  | (AC +3, rC+) [Felid growth]
 21031 | Lair:2   | Reached XP level 12. HP: 56/56 MP: 12/28
 21112 | Lair:2   | You fall into a shaft and drop 1 floor!
 22301 | Lair:2   | Killed a catoblepas
 23359 | Lair:3   | Noticed a boulder beetle
 23362 | Lair:3   | Noticed a satyr
 23362 | Lair:3   | a boulder beetle changed into a satyr
 23367 | Lair:3   | Killed a satyr
 23838 | Lair:3   | Reached skill level 12 in Spellcasting
 24246 | Lair:3   | Found a hole to the Spider Nest.
 24699 | Lair:3   | Noticed a seven-headed hydra
 24705 | Lair:3   | Killed a seven-headed hydra
 24819 | Lair:3   | Noticed an eight-headed hydra
 24824 | Lair:3   | Killed an eight-headed hydra
 25492 | Lair:4   | Noticed a death yak
 25615 | Lair:4   | Reached **** piety under Vehumet
 25879 | Lair:4   | Offered knowledge of Irradiate by Vehumet.
 25968 | Lair:4   | Noticed a death yak
 25968 | Lair:4   | Noticed a death yak
 25969 | Lair:4   | Noticed a death yak
 25980 | Lair:4   | Noticed a death yak
 25989 | Lair:3   | Killed a death yak
 26133 | Lair:4   | Noticed an eight-headed hydra
 26133 | Lair:4   | Noticed an eight-headed hydra
 26177 | Lair:3   | Killed an eight-headed hydra
 26636 | Lair:4   | Reached skill level 10 in Fighting
 26672 | Lair:4   | Reached XP level 13. HP: 61/61 MP: 8/30
 26674 | Lair:4   | Reached skill level 13 in Spellcasting
 27070 | Lair:3   | Reached skill level 10 in Stealth
 27455 | Lair:4   | Noticed Puifavom's ghost (journeyman GrFi)
 27460 | Lair:4   | Noticed Rupert
 27471 | Lair:4   | Killed Rupert
 27643 | Lair:4   | Found a runed translucent gate.
 27644 | Lair:4   | Found a runed translucent gate.
 27645 | Lair:4   | Found a runed translucent gate.
 28236 | Lair:4   | Found a staircase to the Shoals.
 28888 | Lair:5   | Reached skill level 10 in Dodging
 29892 | Lair:5   | Reached skill level 14 in Spellcasting
 31109 | Lair:6   | Entered Level 6 of the Lair of Beasts
 31932 | Lair:6   | Found a staircase to the Slime Pits.
 31999 | Lair:6   | Noticed Snorg
 32024 | Lair:6   | Killed Snorg
 32208 | Lair:6   | Reached ***** piety under Vehumet
 32208 | Lair:6   | Offered knowledge of Iskenderun's Battlesphere by Vehumet.
 32661 | Lair:6   | Reached skill level 15 in Spellcasting
 32712 | Lair:6   | Reached XP level 14. HP: 67/67 MP: 5/34
 33700 | Lair:6   | Noticed Nessos
 33705 | Lair:6   | Shot with an arrow by Nessos
 33706 | Lair:6   | Reached XP level 13. HP: -2/64 MP: 17/33
 34235 | Lair:6   | Killed Nessos
 35247 | D:12     | Found a staircase to the Orcish Mines.
 35599 | D:12     | Mangled by a boulder beetle
 35600 | D:12     | Reached XP level 12. HP: -12/61 MP: 0/32
 35917 | Orc:1    | Entered Level 1 of the Orcish Mines
 35917 | Orc:1    | Found Xeats's Magic Scroll Emporium.
 36006 | Orc:1    | Noticed a two-headed ogre
 36581 | D:12     | Killed a boulder beetle
 36612 | D:12     | Slain by a two-headed ogre

Illustrated notes

Levels and vault maps discovered:
D:1:      sevenhm_arrival_forest_fort_small_5, layout_basic,
          ebering_ecumenical_altar_sacrificial, minmay_tetromino_i2
D:2:      wander_river, layout_basic, serial_shops, nicolae_shop_behind_doors,
          uniq_jessica
D:3:      layout_loops_ring, grunt_ministairs_13, kennysheep_generic_room_5,
          uniq_terence
D:4:      layout_basic, hex_large, hangedman_abyss_or_decor_stabs
D:5:      layout_layer_cave, minmay_temple_entry_wispy, minmay_between,
          uniq_blork_the_orc
D:6:      layout_basic, nicolae_tso_swordbearing_angel
D:7:      layout_rooms, serial_shops, nicolae_shop_hallway_plus
D:8:      layout_gridville
D:9:      layout_stronghold
D:10:     minmay_the_grid_triangle_9x9_rhombus_full
          [minmay_the_grid_triangle_9x9_cache,
          minmay_the_grid_triangle_9x9_pentomino_pain,
          minmay_the_grid_triangle_9x9_tough_junction,
          minmay_the_grid_triangle_9x9_wacky_v,
          minmay_the_grid_triangle_9x9_negative_grid,
          minmay_the_grid_triangle_9x9_descending_squares,
          minmay_the_grid_triangle_9x9_intruding_spiral,
          minmay_the_grid_triangle_9x9_prize_top_heavy], layout_small_grid,
          uniq_joseph, uniq_harold
D:11:     nicolae_BIG_FREAKIN_CUBE, layout_irregular_city, lair_entry_dummy
D:12:     layout_roguey, orc_david_3, serial_shops, shop_fountains,
          gauntlet_entry_generic
Temple:   grunt_wide_crystal_templ
Lair:1:   layout_layer_cave, maelrawn_ghost_gauntlet_escape,
          lemuel_fruit_fields, lemuel_fruit_tree, uniq_fannar, uniq_maggie
Lair:2:   layout_cave_pods
Lair:3:   layout_chaotic_city, spider_nest_entry_webs, serial_bayou_shore_b
Lair:4:   layout_gridlike, minmay_shoals_entry_hut, gammafunk_ghost_icy,
          uniq_rupert
Lair:5:   layout_regular_city, grunt_megastairs_3, serial_bayou_shore_a
Lair:6:   minmay_lair_end_frog_pond, layout_cave_shapes,
          nicolae_slime_entry_slimehenge, st_stairs_6, uniq_snorg, uniq_nessos
Orc:1:    layout_diamond_mine, serial_shops, shop,
          nicolae_shop_competitors_out_of_business, shop

Skill      XL: |  1  2  3  4  5  6  7  8  9 10 11 12 13 |
---------------+----------------------------------------+-----
Conjurations   | 1 2 3 |  3.0
Air Magic      | 3 4 5 7 8 10 | 10.0
Fighting       | 1 2 3 5 6 7 8 10 12 | 12.2
Spellcasting   | 3 4 5 7 8 10 11 12 15 | 15.8
Dodging        | 3 6 9 10 | 10.0
Stealth        | 3 7 9 10 | 10.0

Action                   |  1- 3 |  4- 6 |  7- 9 | 10-12 | 13-15 || total
-------------------------+-------+-------+-------+-------+-------++-------
Melee: Unarmed           |    16 |    11 |    12 |    11 |       ||    50
       Bite              |     3 |     2 |     1 |     2 |       ||     8
 Cast: Shock             |    80 |   166 |   213 |    78 |    44 ||   581
       Airstrike         |       |       |    58 |   436 |   389 ||   883
Evoke: Wand              |       |       |     1 |    19 |    16 ||    36
  Use: Scroll            |       |     8 |     6 |    10 |     1 ||    25
       Potion            |       |       |       |     3 |       ||     3
 Stab: Sleeping          |       |     1 |       |     1 |       ||     2
Armor: Skin              |       |     3 |    11 |    12 |     5 ||    31
Dodge: Dodged            |    35 |    52 |    76 |   172 |   100 ||   435

Table legend: (Time is in decaauts)
 A = Elapsed time spent in this place.
 B = Non-inter-level travel time spent in this place.
 C = Inter-level travel time spent in this place.
 D = Time resting spent in this place.
 E = Time spent auto-exploring this place.
 F = Levels seen in this place.
 G = Mean time per level.
                   A        B        C        D        E       F      G
               +--------+--------+--------+--------+--------+-----+--------+
         Total |  33451 |  32184 |   1267 |   4613 |  23765 |  20 | 1672.6 |
       Dungeon |  16860 |  16292 |    568 |    700 |  13706 |  12 | 1405.0 |
        Temple |     22 |     17 |      5 |      0 |      2 |   1 |   22.0 |
          Lair |  16555 |  15862 |    693 |   3913 |  10056 |   6 | 2759.2 |
  Orcish Mines |     12 |     12 |      0 |      0 |      0 |   1 |   12.0 |
               +--------+--------+--------+--------+--------+-----+--------+

Top non-repeatable levels by time:
  Lair:3: 3534 daAuts
  Lair:2: 3331 daAuts
  Lair:5: 3039 daAuts
  Lair:1: 2387 daAuts
  Lair:6: 2218 daAuts
     D:5: 2081 daAuts
  Lair:4: 2044 daAuts
    D:12: 1998 daAuts
    D:10: 1891 daAuts
     D:8: 1562 daAuts
    D:11: 1473 daAuts
     D:3: 1248 daAuts
     D:2: 1207 daAuts
     D:1: 1166 daAuts
     D:9: 1112 daAuts
